 Dungeon Crawl Stone Soup version 0.31.0-11-ge490571c62 (webtiles) character file.

Game seed: 11072931964234455632

473 qw the Ducker (level 6, 0/32 HPs)
             Began as a Spriggan Hunter on Feb 4, 2024.
             Incinerated by a bombardier beetle (2 damage)
             ... with a burning spray
             ... on level 5 of the Dungeon.
             The game lasted 00:00:14 (3069 turns).

qw the Ducker (Spriggan Hunter)                     Turns: 3069, Time: 00:00:14

Health: 0/32       AC:  3    Str:  4    XL:     6   Next: 84%
Magic:  0/7        EV: 24    Int: 14    God:
Gold:   262        SH:  0    Dex: 26    Spells: 5/5 levels left

rFire   . . .        a - +0 shortbow
rCold   . . .        (shield currently unavailable)
rNeg    . . .        m - +1 robe of Disaster {Str-3 Int+4 Dex+5}
rPois   .            (helmet restricted)
rElec   .            (no cloak)
rCorr   .            (gloves unavailable)
SInv    +            (boots unavailable)
Will    +....        e - amulet of guardian spirit
Stlth   +            (no ring)
HPRegen 0.25/turn    (no ring)
MPRegen 0.10/turn

%: guardian spirit
@: on fire, glowing, very quick
A: very small, no large weapons, unfitting armour, see invisible, speed 3
a: no special abilities


You were on level 5 of the Dungeon.
You visited 1 branch of the dungeon, and saw 5 of its levels.

You collected 262 gold pieces.


Innate Abilities, Weirdness & Mutations

You are very small and have problems with some larger weapons.
You are too small for most types of armour.
You have supernaturally acute eyesight. (SInv)
You cover ground extremely quickly. (Speed+++)


   Skills:
 - Level 2.6 Fighting
 + Level 6.0 Ranged Weapons
 - Level 7.0 Dodging
 - Level 1.5 Stealth


You had 5 spell levels left.
You didn't know any spells.
Your spell library was empty.

Inventory:

Hand Weapons
 a - a +0 shortbow (weapon)
Armour
 m - the +1 robe of Disaster (worn) {Str-3 Int+4 Dex+5}
   (You found it on level 4 of the Dungeon)

   Str-3:     It affects your strength (-3).
   Int+4:     It affects your intelligence (+4).
   Dex+5:     It affects your dexterity (+5).
Jewellery
 e - an amulet of guardian spirit (around neck)
 g - a ring of fire
Wands
 c - a wand of roots (7)
Scrolls
 d - a scroll of identify
Potions
 b - 3 potions of curing
 f - a potion of mutation
 h - a potion of heal wounds
 j - a potion of enlightenment
 l - a potion of might

Dungeon Overview and Level Annotations

Branches:
Dungeon (5/15)
 Temple: D:4-7

Altars:
Trog

Annotations:
D:3 2 runed translucent doors, qw's ghost, amateur DEHu


Message History

Enter note: You shoot an arrow.
The arrow hits the bombardier beetle but does no damage.
You shoot an arrow.
The arrow barely misses the bombardier beetle.
You shoot an arrow. The arrow hits the bombardier beetle!
The bombardier beetle is heavily wounded.
You shoot an arrow. The arrow hits the bombardier beetle!
The bombardier beetle is almost dead.
The bombardier beetle sprays incendiary fluid at you.
The burning spray hits you.
You are covered in liquid fire!
You shoot an arrow.
The arrow barely misses the bombardier beetle.
The liquid fire burns you!
You shoot an arrow. The arrow hits the bombardier beetle!
You kill the bombardier beetle!
The liquid fire burns you!
Your Dodging skill increases to level 7!
You are on fire!
The liquid fire burns you!
You are on fire!
The liquid fire burns you!
You are on fire!
The liquid fire burns you!
You are on fire!
The liquid fire burns you!
You are on fire!
The liquid fire burns you!
You are on fire!
The liquid fire burns you!
You are on fire!
The liquid fire burns you!
You are on fire!
The liquid fire burns you!
You are on fire!
The liquid fire burns you!
You are on fire!
The liquid fire burns you!
You die...

...###..>......#
#...##.####...## #....
##.## #...## #.#####
#....# #......
#..#.##### #######
#...#....########
#..###.#........# ##@##
##.........# .......##
##........# ........#
##.........#
.......#.###.#........#
#.######..#...........#
# #..###.......#
##.......)####
#..#####.# #..#####.#


There were no monsters in sight!

Vanquished Creatures
  A phantom (D:4)
  A bullfrog (D:4)
  A scorpion (D:4)
  2 bombardier beetles
  A hound (D:3)
  An orc priest (D:4)
  An iguana (D:4)
  4 adders
  A ribbon worm (D:2)
  2 dart slugs (D:3)
  9 orcs
  4 endoplasms
  3 giant cockroaches
  5 goblins
  8 hobgoblins
  6 jackals
  5 quokkas
  7 ball pythons
  3 bats
  3 frilled lizards
  7 kobolds
  4 rats
79 creatures vanquished.

Notes
Turn   | Place    | Note
-------+----------+-------------------------------------------
     0 | D:1      | qw the Spriggan Hunter began the quest for the Orb.
     0 | D:1      | Reached XP level 1. HP: 10/10 MP: 2/2
     0 | D:1      | 0 ||| qw: Version: 0.3-a-160-g6735b56
     0 | D:1      | 0 ||| qw: Game counter: 5440
     0 | D:1      | 0 ||| qw: Melee chars always use a shield: true
     0 | D:1      | 0 ||| qw: God list: Okawaru
     0 | D:1      | 0 ||| qw: Allow faded altars: false
     0 | D:1      | 0 ||| qw: Do Orc after clearing Dungeon:15 true
     0 | D:1      | 0 ||| qw: Do second Lair branch before Depths: true
     0 | D:1      | 0 ||| qw: Lair rune preference: random
     0 | D:1      | 0 ||| qw: Goals: Normal
     0 | D:1      | 0 ||| PLANNING D:1-11
    74 | D:1      | Reached skill level 3 in Dodging
   156 | D:1      | Noticed a golden eye
   158 | D:1      | Found a faded altar of an unknown god.
   160 | D:1      | Noticed a shining eye
   160 | D:1      | Noticed a glass eye
   160 | D:1      | Noticed a great orb of eyes
   313 | D:1      | Reached XP level 2. HP: 14/14 MP: 3/3
   545 | D:1      | Reached skill level 4 in Dodging
   911 | D:1      | 911 ||| UPGRADING to amulet of guardian spirit.
   916 | D:1      | 916 ||| READING 2 scrolls labelled OHAPIXK SUFASY.
   916 | D:1      | 916 ||| IDENTIFYING viscous puce potion
   917 | D:1      | 917 ||| DROPPING scroll of butterflies.
  1045 | D:2      | Found a bloodstained altar of Trog.
  1116 | D:2      | Reached XP level 3. HP: 18/18 MP: 4/4
  1315 | D:2      | You fall into a shaft and drop 2 floors!
  1338 | D:4      | Reached XP level 4. HP: 22/22 MP: 5/5
  1363 | D:4      | Identified the +1 robe of Disaster {Str-3 Int+4 Dex+5}
  1381 | D:4      | Reached skill level 5 in Dodging
  1460 | D:4      | Noticed a scorpion
  1473 | D:4      | Killed a scorpion
  1474 | D:4      | Reached XP level 5. HP: 7/27 MP: 3/6
  1475 | D:4      | HP: 6/27 [poisoned by a scorpion]
  1564 | D:4      | 1564 ||| UPGRADING to +1 robe of Disaster {Str-3 Int+4
                  | Dex+5}.
  1574 | D:4      | 1574 ||| DROPPING +0 robe.
  1575 | D:4      | 1575 ||| DROPPING amulet of magic regeneration.
  1576 | D:4      | 1576 ||| READING 3 scrolls of identify.
  1576 | D:4      | 1576 ||| IDENTIFYING golden potion
  1577 | D:4      | 1577 ||| READING 2 scrolls of identify.
  1577 | D:4      | 1577 ||| IDENTIFYING fuming pink potion
  1578 | D:4      | 1578 ||| READING scroll of identify.
  1578 | D:4      | 1578 ||| IDENTIFYING yellow potion
  1579 | D:4      | 1579 ||| READING scroll labelled PURAEJYDYS.
  1580 | D:4      | 1580 ||| DRINKING 2 dark potions.
  2086 | D:3      | Found a large runed translucent door.
  2087 | D:3      | Found a large runed translucent door.
  2090 | D:3      | Noticed qw's ghost (amateur DEHu)
  2122 | D:3      | Reached skill level 6 in Dodging
  2449 | D:4      | Reached XP level 6. HP: 32/32 MP: 7/7
  2527 | D:4      | Reached skill level 6 in Ranged Weapons
  2962 | D:4      | 2962 ||| READING 2 scrolls of identify.
  2962 | D:4      | 2962 ||| IDENTIFYING scroll labelled PEUDYC QIVVEQA
  2963 | D:4      | 2963 ||| DROPPING scroll of fear.
  2979 | D:5      | Entered Level 5 of the Dungeon
  3060 | D:5      | Reached skill level 7 in Dodging
  3066 | D:5      | HP: 7/32 [burnt (4)]
  3068 | D:5      | HP: 2/32 [burnt (2)]
  3069 | D:5      | Incinerated by a bombardier beetle

Levels and vault maps discovered:
D:1:      dpeg_arrival_signposts, layout_loops_corners,
          hellmonk_ecumenical_altar_watching_god
D:2:      layout_rooms, basic_altar, corexii_hall_statues_i
D:3:      layout_loops_ring, ebering_ghost_disaster_area
D:4:      layout_basic
D:5:      layout_loops_cross, nicolae_yredelemnul_ghost_church, trog_book,
          gammafunk_ghost_grave, minmay_crystal_room

Skill      XL: |  1  2  3  4  5  6 |
---------------+-------------------+-----
Dodging        | 3 4 5 6 7 |  7.0
Ranged Weapons | 5 6 |  6.0
Fighting       | 2 |  2.6
Stealth        | |  1.5

Action                     |  1- 3 |  4- 6 || total
---------------------------+-------+-------++-------
   Fire: Shortbow          |   103 |   171 ||   274
    Use: Scroll            |     1 |     5 ||     6
         Potion            |       |     1 ||     1
 Armour: Robe              |    10 |    13 ||    23
  Dodge: Dodged            |    42 |    72 ||   114

Table legend:
 A = Non-vault XP
 B = Vault XP
 C = Vault XP percentage of total XP
 D = Non-vault monster count
 E = Vault monster count
 F = Vault count percentage of total count
                 A         B        C        D         E       F
            +---------+---------+-------+---------+---------+-------
      Total |     677 |       0 |   0.0 |      79 |       0 |   0.0
            +---------+---------+-------+---------+---------+-------
        D:1 |      25 |       0 |   0.0 |      17 |       0 |   0.0
        D:2 |      44 |       0 |   0.0 |      17 |       0 |   0.0
        D:3 |      81 |       0 |   0.0 |      18 |       0 |   0.0
        D:4 |     485 |       0 |   0.0 |      26 |       0 |   0.0
        D:5 |      42 |       0 |   0.0 |       1 |       0 |   0.0
            +---------+---------+-------+---------+---------+-------
